 Dungeon Crawl Stone Soup version 0.30-b1-2-g02819fbbbe (webtiles) character file.

Game seed: 331116309608946065

8251 LLlMATKO the Fighter (level 11, -17/101 HPs)
             Began as a Minotaur Berserker on May 5, 2023.
             Was a High Priest of Trog.
             Killed from afar by an ice statue (22 damage)
             ... with a bolt of cold
             ... on level 9 of the Dungeon.
             The game lasted 00:09:55 (9710 turns).

LLlMATKO the Fighter (Minotaur Berserker)           Turns: 9710, Time: 00:09:55

Health: -17/101    AC: 17    Str: 24    XL:     11   Next: 7%
Magic:  10/10      EV:  9    Int:  4    God:    Trog [*****.]
Gold:   421        SH:  9    Dex: 12    Spells: 10/10 levels left

rFire   . . .        R - +0 spear (flame)
rCold   . . .        a - +0 kite shield
rNeg    . . .        G - +0 plate armour
rPois   +            (helmet restricted)
rElec   .            v - +0 cloak
rCorr   .            H - +0 pair of gloves
SInv    .            (no boots)
Will    .....        (no amulet) Stlth
                     q - ring of poison resistance
HPRegen 0.36/turn    (no ring)
MPRegen 0.12/turn

%: no passive effects
@: on berserk cooldown, slowed, very slow
A: horns 2, retaliatory headbutt
a: Renounce Religion, Berserk, Trog's Hand, Brothers in Arms


You were on level 9 of the Dungeon.
You worshipped Trog.
Trog was extremely pleased with you.
You visited 1 branch of the dungeon, and saw 9 of its levels.

You collected 560 gold pieces.
You spent 139 gold pieces at shops.

Inventory:

Hand Weapons
 g - a +1 vampiric hand axe
 M - a +0 spear of venom
 P - a +2 war axe of freezing
 R - a +0 spear of flaming (weapon)
Missiles
 b - 9 boomerangs (quivered)
 e - a throwing net
 z - 6 silver javelins
 D - 27 poisoned darts
Armour
 a - a +0 kite shield (worn)
 v - a +0 cloak (worn)
 G - a +0 plate armour (worn)
 H - a +0 pair of gloves (worn)
Jewellery
 q - a ring of poison resistance (left hand)
 L - a ring of fire
Wands
 u - a wand of flame (45)
 A - a wand of iceblast (4)
 B - a wand of paralysis (10)
Scrolls
 h - 2 scrolls of acquirement {unknown}
 i - 3 scrolls of immolation {unknown}
 m - a scroll of brand weapon {unknown}
 r - 4 scrolls of magic mapping {unknown}
 t - 3 scrolls of enchant armour {unknown}
 w - 4 scrolls of identify {unknown}
 x - 2 scrolls of poison {unknown}
 y - 2 scrolls of fear {unknown}
 C - 2 scrolls of teleportation {unknown}
 J - 5 scrolls of enchant weapon {unknown}
 K - a scroll of fog {unknown}
 N - a scroll of torment {unknown}
 Q - a scroll of noise {unknown}
Potions
 c - 5 potions of mutation {unknown}
 d - 9 potions of curing {unknown}
 f - 2 potions of brilliance {unknown}
 j - 3 potions of degeneration {unknown}
 k - 2 potions of heal wounds
 l - 2 potions of lignification {unknown}
 n - 2 potions of magic {unknown}
 o - a potion of attraction {unknown}
 p - 2 potions of cancellation {unknown}
 s - 2 potions of invisibility {unknown}
 E - a potion of might {unknown}
 F - 3 potions of haste {unknown}
 I - 3 potions of flight {unknown}
 O - 2 potions of resistance {unknown}


   Skills:
 + Level 10.5 Fighting
 + Level 10.4 Axes
 + Level 10.1 Armour
 + Level 9.3 Dodging
 + Level 6.2 Shields


You had 10 spell levels left.
You didn't know any spells.
Your spell library was empty.

Dungeon Overview and Level Annotations

Branches:
Dungeon (9/15)             Temple (0/1) D:5            Lair (0/5) D:9
    Orc: D:9-12

Altars:
Cheibriados
Dithmenos
Gozag
Makhleb
Nemelex Xobeh
Qazlal
Ru
Vehumet
Xom
Yredelemnul
Zin
The Shining One

Shops:
D:3 (   D:6 [

Annotations:
D:9 3 runed translucent doors, exclusions: ice statue and 1 more exclusion, LLlMATKO's ghost, journeyman MiBe


Innate Abilities, Weirdness & Mutations

You have a pair of horns on your head.
You reflexively headbutt those who attack you in melee.


Message History

You block the ice beast's attack.
The ice beast hits you but does no damage.
Unknown command.
You hit the ice statue but do no damage.
You headbutt the ice statue.
The ice statue is moderately damaged.
The ice beast hits you but does no damage.
The ice beast misses you. The ice beast completely misses you.
The ice beast hits you but does no damage.
The ice beast barely misses you.
You hit the ice statue.
You melt the ice statue.
The ice statue is heavily damaged.
The ice beast hits you but does no damage. x2
The ice beast hits you. The ice beast freezes you.
The ice statue gestures at you. The shard of ice misses you.
The ice beast hits you but does no damage.
You hit the ice statue but do no damage.
The ice statue is heavily damaged.
The ice beast hits you. The ice beast freezes you!
The ice beast hits you but does no damage. x2
The ice statue gestures at you. The freezing blast engulfs you.
Unknown command.
You barely miss the ice statue. You headbutt the ice statue.
The ice statue is heavily damaged.
You are engulfed in freezing vapours.
* * * LOW HITPOINT WARNING * * *
The ice beast hits you but does no damage.
The ice beast barely misses you. You block the ice beast's attack.
The ice beast hits you but does no damage. x2
You hit the ice statue.
You melt the ice statue.
The ice statue is heavily damaged.
You are engulfed in freezing vapours.
* * * LOW HITPOINT WARNING * * *
The ice beast closely misses you. x2; You furiously retaliate!
You headbutt the ice beast! You block the ice beast's attack.
The ice statue gestures at you. The bolt of cold hits you!!
You die...

#.........)#
#..#####..(#######. #..#
##.#.)....... #..#
#............ #..#
#............ ####
#..####...........#
...###..................
...............°○Y......
...............°@8......
...............○YY......
................°.......
........................
...#######.............#
#### #.............# #
#.......###..## ##
P~.~...... ... P#
.P~~~....... ..


You could see an ice statue and 3 ice beasts.

Vanquished Creatures
  A two-headed ogre (D:9)
  An elephant (D:9)
  Maggie (D:7)
  Psyche (D:8)
  Grinder (D:3)
  Sigmund (D:2)
  3 wyverns
  A yak (shapeshifter) (D:9)
  A basilisk (D:9)
  8 yaks
  Duvessa (D:7)
  An acid dragon (D:8)
  2 water moccasins (D:6)
  Pargi (D:3)
  2 ice beasts
  A sky beast (D:5)
  An orc warrior (D:7)
  2 black bears
  A centaur (D:8)
  3 ogres
  Blork the orc (D:6)
  3 kobold brigands
  3 gnoll sergeants
  3 scorpions
  5 bullfrogs
  5 wights (D:8)
  Dowan (D:7)
  9 killer bees
  3 howler monkeys
  Crazy Yiuf (D:3)
  9 hounds
  10 orc priests
  2 jellies
  A sleepcap (D:6)
  2 iguanas
  11 orc wizards
  Natasha (thrice) (D:3)
  8 gnolls
  7 adders
  3 shadow imps (D:4)
  2 white imps (D:7)
  2 ufetubi
  2 worms
  A dart slug (D:1)
  33 orcs
  10 endoplasms
  7 giant cockroaches
  5 goblins
  10 hobgoblins
  5 jackals (D:3)
  13 kobolds
  3 quokkas (D:1)
  4 ball pythons
  6 bats
  7 frilled lizards
  4 rats
238 creatures vanquished.

Vanquished Creatures (others)
  3 fungi (D:9)
  25 plants (D:9)
28 creatures vanquished.

Grand Total: 266 creatures vanquished

Notes
Turn   | Place    | Note
-------+----------+-------------------------------------------
     0 | D:1      | LLlMATKO the Minotaur Berserker began the quest for the
                  | Orb.
     0 | D:1      | Reached XP level 1. HP: 19/19 MP: 0/0
    75 | D:1      | Reached XP level 2. HP: 11/27 MP: 1/1
   698 | D:2      | Reached XP level 3. HP: 30/33 MP: 2/2
   729 | D:2      | Noticed a black bear
   738 | D:2      | Killed a black bear
   739 | D:2      | Reached XP level 4. HP: 41/41 MP: 3/3
   825 | D:2      | Reached ** piety under Trog
   942 | D:2      | Reached XP level 5. HP: 45/47 MP: 4/4
   978 | D:2      | Found a shimmering altar of Xom.
  1022 | D:2      | Noticed Sigmund
  1036 | D:2      | Killed Sigmund
  1037 | D:2      | Reached skill level 5 in Fighting
  1037 | D:2      | Reached skill level 5 in Axes
  1037 | D:2      | Reached XP level 6. HP: 48/56 MP: 5/5
  1560 | D:3      | Found a shadowy altar of Dithmenos.
  1641 | D:3      | Noticed Natasha
  1651 | D:3      | Killed Natasha
  1795 | D:3      | Noticed Pargi
  1805 | D:3      | Killed Pargi
  1806 | D:3      | Reached XP level 7. HP: 62/62 MP: 6/6
  1880 | D:3      | Found Doenen's Weapon Shop.
  1935 | D:3      | Found a burning altar of Makhleb.
  2121 | D:3      | Noticed Grinder
  2140 | D:3      | Paralysed by Grinder for 2 turns
  2162 | D:3      | Paralysed by Grinder for 4 turns
  2167 | D:3      | Killed Grinder
  2168 | D:3      | Reached skill level 5 in Armour
  2442 | D:3      | Found a runed translucent door.
  2443 | D:3      | Noticed Crazy Yiuf
  2455 | D:3      | Killed Crazy Yiuf
  2830 | D:3      | Found Doenen's Weapon Shop.
  2857 | D:3      | Noticed Natasha
  2871 | D:3      | Killed Natasha
  2872 | D:3      | Reached skill level 5 in Dodging
  3009 | D:3      | Found a burning altar of Makhleb.
  3091 | D:3      | Found a shadowy altar of Dithmenos.
  3534 | D:3      | Found a burning altar of Makhleb.
  3637 | D:3      | Found Doenen's Weapon Shop.
  3644 | D:3      | Noticed Natasha
  3654 | D:3      | Killed Natasha
  3715 | D:3      | Found a shadowy altar of Dithmenos.
  4132 | D:4      | Found a radiant altar of Vehumet.
  4192 | D:4      | Found a transporter.
  4314 | D:4      | Found a snail-covered altar of Cheibriados.
  4346 | D:4      | Found a glowing golden altar of the Shining One.
  4347 | D:4      | Found a basalt altar of Yredelemnul.
  4348 | D:4      | Found a sacrificial altar of Ru.
  4394 | D:4      | Found a transporter.
  4403 | D:4      | Reached *** piety under Trog
  4648 | D:5      | Entered Level 5 of the Dungeon
  4752 | D:5      | Reached XP level 8. HP: 71/71 MP: 7/7
  5048 | D:5      | Found a staircase to the Ecumenical Temple.
  5584 | D:5      | Found a glowing silver altar of Zin.
  5663 | D:5      | Found an opulent altar of Gozag.
  6003 | D:6      | Reached XP level 9. HP: 78/81 MP: 8/8
  6206 | D:6      | Reached **** piety under Trog
  6263 | D:6      | Found Tagon's Antique Armour Shoppe.
  6285 | D:6      | Bought a kite shield for 139 gold pieces
  6334 | D:6      | Noticed Blork the orc
  6342 | D:6      | Killed Blork the orc
  6743 | D:6      | Reached skill level 1 in Shields
  7178 | D:7      | Noticed Maggie
  7196 | D:7      | Killed Maggie
  7360 | D:7      | Noticed Dowan
  7361 | D:7      | Noticed Duvessa
  7370 | D:7      | Killed Duvessa
  7371 | D:7      | Killed Dowan
  7674 | D:8      | Reached XP level 10. HP: 89/91 MP: 9/9
  8179 | D:8      | Found a stormy altar of Qazlal.
  8488 | D:8      | Noticed Psyche
  8505 | D:8      | Killed Psyche
  8779 | D:8      | Reached skill level 5 in Shields
  8988 | D:9      | Found a runed translucent gate.
  8988 | D:9      | Found a runed translucent gate.
  8988 | D:9      | Found a runed translucent gate.
  8989 | D:9      | Noticed LLlMATKO's ghost (journeyman MiBe)
  9050 | D:9      | Reached skill level 10 in Fighting
  9070 | D:9      | Reached skill level 10 in Axes
  9083 | D:9      | Reached ***** piety under Trog
  9102 | D:9      | Noticed an ice statue
  9113 | D:9      | Found a sparkling altar of Nemelex Xobeh.
  9355 | D:9      | Noticed a two-headed ogre
  9362 | D:9      | Killed a two-headed ogre
  9402 | D:9      | Noticed an elephant
  9403 | D:9      | Found a staircase to the Lair.
  9412 | D:9      | Killed an elephant
  9413 | D:9      | Reached skill level 10 in Armour
  9413 | D:9      | Reached XP level 11. HP: 101/101 MP: 10/10
  9710 | D:9      | HP: 4/101 [ice statue] (14)]
  9710 | D:9      | Killed from afar by an ice statue

Illustrated notes

Levels and vault maps discovered:
D:1:      minmay_arrival_four_loops, layout_rooms
D:2:      layout_basic, basic_altar, nicolae_titane, uniq_sigmund
D:3:      layout_loops_cross, mainiacjoe_overflow_brackets,
          mainiacjoe_overflow_six_doors_small, serial_shops, shop_coins,
          uniq_grinder, uniq_natasha, uniq_pargi, uniq_crazy_yiuf_cottage
D:4:      gammafunk_wand_slinger, layout_rooms, lemuel_doored_altar,
          lemuel_round_altar, chequers_temple_overflow_statue_of_worship,
          minmay_bent
D:5:      layout_basic, grunt_temple_overflow_gold_and_silver, temple_doors_e,
          reono_crystal_passage
D:6:      layout_cave_pods, serial_shops, shop, kennysheep_boxes,
          uniq_blork_the_orc
D:7:      layout_basic, serial_park_tiny_2, minmay_holes, uniq_duvessa,
          uniq_maggie
D:8:      layout_loops_ring, grunt_qazlal_sundering, uniq_psyche
D:9:      layout_irregular_city, david_lair_generic,
          gammafunk_ghost_nasty_kobolds, serial_bayou_lagoon_a, minivault_16,
          minmay_ruined_shrine

Skill      XL: |  1  2  3  4  5  6  7  8  9 10 |
---------------+-------------------------------+-----
Fighting       | 4 5 6 8 9 10 | 10.5
Axes           | 4 5 6 7 9 10 | 10.4
Armour         | 3 4 6 7 8 10 | 10.1
Dodging        | 3 4 5 6 8 9 |  9.3
Shields        | 3 6 |  6.2

Action                     |  1- 3 |  4- 6 |  7- 9 | 10-12 || total
---------------------------+-------+-------+-------+-------++-------
  Melee: Hand axe          |    55 |    81 |   372 |   123 ||   631
         Headbutt          |     7 |    14 |    73 |    50 ||   144
         Punch             |       |     1 |     6 |       ||     7
         War axe           |       |       |       |    64 ||    64
         Spear             |       |       |       |    63 ||    63
  Throw: Boomerang         |       |     3 |     1 |       ||     4
         Throwing net      |       |     1 |       |       ||     1
 Invoke: Berserk           |     1 |     3 |     7 |     4 ||    15
 Armour: Animal skin       |     2 |       |       |       ||     2
         Chain mail        |    26 |    41 |   102 |       ||   169
         Ring mail         |     1 |       |       |       ||     1
         Plate armour      |       |       |    81 |   112 ||   193
  Dodge: Dodged            |    43 |    36 |   137 |    79 ||   295
  Block: Kite shield       |       |       |    56 |    93 ||   149
